 Dungeon Crawl Stone Soup version 0.20.1-1-g8b1a95d (console) character file.

2366 hilaritas the Cleaver (level 9, -11/69 HPs)
             Began as a Formicid Fighter on Mar 6, 2018.
             Was an Elder of Okawaru.
             Mangled by a gnoll
             ... wielding a +1 halberd of electrocution
              (20 damage)
             ... in a bailey.
             The game lasted 00:16:10 (5538 turns).

hilaritas the Cleaver (Formicid Fighter)            Turns: 5538, Time: 00:16:11

Health: -11/69     AC: 15    Str: 29    XL:     9   Next: 72%
Magic:  11/12      EV:  9    Int:  8    God:    Okawaru [****..]
Gold:   203        SH:  0    Dex: 10    Spells: 1/8 levels left

rFire    . . .     SeeInvis +   a - +0 war axe
rCold    . . .     Gourm    .   (no shield)
rNeg     + . .     Faith    +   z - +0 plate armour
rPois    .         Spirit   .   (helmet unavailable)
rElec    .         Reflect  .   l - +0 cloak
rCorr    .         Harm     .   (no gloves)
MR       .....                  (no boots)
Stlth    ..........             q - amulet of faith
Regen    0.3/turn               j - ring of positive energy
MPRegen  0.2/turn               r - +4 ring of slaying

@: mighty, heroism
A: permanent stasis, dig shafts and tunnels, four strong arms, antennae 3
a: Dig, Shaft Self, Heroism, Renounce Religion


You were in a bailey.
You worshipped Okawaru.
Okawaru was greatly pleased with you.
You were hungry.

You visited 1 branch of the dungeon, and saw 7 of its levels.
You also visited: Bailey.

You collected 359 gold pieces.
You spent 156 gold pieces at shops.

Inventory:

Hand Weapons
 a - a +0 war axe (weapon)
 i - a +0 club
 B - a +0 war axe
Missiles
 b - a throwing net (quivered)
 C - 5 tomahawks
 F - 35 tomahawks of returning
Armour
 l - a +0 cloak (worn)
 z - a +0 plate armour (worn)
Jewellery
 j - a ring of positive energy (left hand)
 m - an uncursed ring of ice
 q - an amulet of faith (around neck)
 r - a +4 ring of slaying (right hand)
 u - a +3 ring of dexterity
 y - an uncursed ring of fire
Wands
 h - a wand of digging (8/24)
 v - a wand of confusion (14/48)
 x - a wand of acid (6/15)
 D - a wand of random effects (39/48)
Scrolls
 e - 4 scrolls of remove curse
 g - 2 scrolls of identify
 o - 2 scrolls of magic mapping
Potions
 c - a potion of haste
 d - 4 potions of curing
 k - 2 potions of agility
 p - a potion of experience {unknown}
 s - 4 potions of ambrosia
 w - 3 potions of mutation
 G - 5 potions of magic {unknown}
Comestibles
 f - 4 bread rations
 n - 6 fruits
 A - 3 royal jellies
 E - 5 chunks of flesh


   Skills:
 + Level 5.9(10.9) Fighting
 * Level 9.8(14.8) Axes
 - Level 3.2(8.2) Armour
   Level 7.0(12.0) Shields
 * Level 4.3 Invocations


You had one spell level left.
You knew the following spells:

 Your Spells              Type           Power        Failure   Level  Hunger
a - Tukima's Dance        Hex            #.......     100%        3    ####...
b - Summon Ice Beast      Ice/Summ       #.......     100%        4    #####..


Dungeon Overview and Level Annotations

Branches:
Dungeon (7/15)             Temple (0/1) D:5

Altars:
Dithmenos
Elyvilon
Gozag
Kikubaaqudgha
Okawaru
Ru
Trog

Shops:
D:5 !


Innate Abilities, Weirdness & Mutations

You cannot be hasted, slowed, berserked, paralysed or teleported.
You can dig through walls and to a lower floor.
Your four strong arms can wield two-handed weapons with a shield.
You have a pair of large antennae on your head. (SInv)


Message History

You slice the gnoll!!
You kill the gnoll!
Okawaru accepts your kill. The gnoll completely misses you.
d - 4 potions of curing;
p - a sapphire potion The gnoll hits you but does no damage.
There is an open door, spattered with blood here.
Items here: ))) [ ††
Things that are here:
a tomahawk of returning; a hobgoblin corpse
There is an open door here.
You are feeling hungry.
The gnoll closely misses you.
Things that are here:
a tomahawk of returning; a hobgoblin corpse Unknown command.
The gnoll hits you with a halberd of electrocution.
* * * LOW HITPOINT WARNING * * *
You are electrocuted!
You die...

#.###.###.#)###.###.#
#(# ### ##### ### ###
#(###.# #.#g#
##(##'##'# #'# '##'
##.()..# #!....#
###.....### .!...#
#.'..⌠..'.# .⌠..'
###...(.### ....
#.....## #..
#'##'##'###K# #.#
#.###(@g# ## ###
#####


You could see a gnoll and a kobold.

Vanquished Creatures
  The ghost of damerell the Arsonist, a novice DEFE of Uskayaw (Bailey)
  Prince Ribbit (D:5)
  A hungry ghost (D:7)
  Menkaure (D:5)
  3 eyes of draining (D:5)
  An orc warrior (Bailey)
  2 ogres
  5 wights (D:6)
  2 howler monkeys (D:5)
  A bullfrog zombie (D:5)
  A centaur zombie (D:6)
  4 hounds
  A jelly (D:5)
  A centaur skeleton (D:5)
  An iguana (D:4)
  Ijyb (D:5)
  An orc wizard (D:4)
  15 gnolls
  3 adders
  2 oozes
  3 worms
  3 dart slugs
  5 leopard geckos
  12 orcs
  A ball python (D:5)
  8 bats
  2 giant cockroaches (D:2)
  6 goblins
  15 hobgoblins
  16 jackals
  2 quokkas
  5 frilled lizards
  A jackal skeleton (D:4)
  18 kobolds
  5 rats
150 creatures vanquished.

Notes
Turn   | Place    | Note
-------+----------+-------------------------------------------
     0 | D:1      | hilaritas the Formicid Fighter began the quest for the Orb.
     0 | D:1      | Reached XP level 1. HP: 18/18 MP: 1/1
   147 | D:1      | Reached XP level 2. HP: 24/24 MP: 2/2
   651 | D:2      | Reached XP level 3. HP: 30/30 MP: 3/3
   706 | D:2      | Found an iron altar of Okawaru.
   718 | D:2      | Became a worshipper of Warmaster Okawaru
  1120 | D:2      | Reached XP level 4. HP: 33/37 MP: 4/4
  1351 | D:3      | Reached skill level 3 in Axes
  1678 | D:3      | Learned a level 3 spell: Tukima's Dance
  1882 | D:3      | Found a sacrificial altar of Ru.
  1882 | D:3      | Found an ancient bone altar of Kikubaaqudgha.
  2156 | D:4      | Found a shadowy altar of Dithmenos.
  2156 | D:4      | Found a white marble altar of Elyvilon.
  2290 | D:4      | Reached XP level 5. HP: 40/42 MP: 5/5
  2467 | D:4      | Found an opulent altar of Gozag.
  2653 | D:4      | Reached skill level 4 in Axes
  2729 | D:4      | Reached XP level 6. HP: 42/48 MP: 6/6
  3015 | D:5      | Entered Level 5 of the Dungeon
  3023 | D:5      | Found Saugh's Distillery.
  3026 | D:5      | Bought a potion of heal wounds for 60 gold pieces
  3026 | D:5      | Bought a potion of mutation for 96 gold pieces
  3046 | D:5      | Reached skill level 1 in Invocations
  3256 | D:5      | Reached * piety under Okawaru
  3366 | D:5      | Noticed Prince Ribbit
  3372 | D:5      | Noticed Ijyb
  3376 | D:5      | Reached skill level 5 in Axes
  3382 | D:5      | Killed Ijyb
  3382 | D:5      | Reached skill level 5 in Shields
  3392 | D:5      | HP: 1/49 [Prince Ribbit (16)]
  3398 | D:5      | Killed Prince Ribbit
  3398 | D:5      | Reached skill level 5 in Fighting
  3398 | D:5      | Reached XP level 7. HP: 15/56 MP: 5/8
  3671 | D:5      | Found a staircase to the Ecumenical Temple.
  3937 | D:5      | Found a bloodstained altar of Trog.
  3947 | D:5      | Reached skill level 6 in Axes
  3947 | D:5      | Reached XP level 8. HP: 62/63 MP: 0/9
  3954 | D:5      | Reached ** piety under Okawaru
  4052 | D:5      | Noticed Menkaure
  4058 | D:5      | Killed Menkaure
  4058 | D:5      | Reached skill level 7 in Axes
  4501 | D:6      | Found a sacrificial altar of Ru.
  4605 | D:6      | Reached *** piety under Okawaru
  4709 | D:6      | Reached XP level 9. HP: 69/69 MP: 11/11
  4777 | D:6      | Reached skill level 8 in Axes
  4985 | D:6      | Learned a level 4 spell: Summon Ice Beast
  5100 | D:7      | Found a flagged portal.
  5117 | Bailey   | Entered a bailey
  5385 | Bailey   | Noticed damerell's ghost (novice DEFE)
  5499 | Bailey   | Killed damerell's ghost
  5499 | Bailey   | Reached **** piety under Okawaru
  5499 | Bailey   | Reached skill level 9 in Axes
  5521 | Bailey   | HP: 6/69 [gnoll/halberd of electrocution (13)]
  5529 | Bailey   | HP: 1/69 [gnoll/halberd of electrocution (14)]
  5538 | Bailey   | Mangled by a gnoll

Skill      XL: |  1  2  3  4  5  6  7  8  9 |
---------------+----------------------------+-----
Shields        | 4 5 6 7 |  7.0
Axes           | 3 4 5 6 7 9 |  9.8
Fighting       | 4 5 |  5.9
Invocations    | 2 3 4 |  4.3
Armour         | |  3.2

Action                   |  1- 3 |  4- 6 |  7- 9 || total
-------------------------+-------+-------+-------++-------
Melee: War axe           |    78 |   149 |   191 ||   418
Invok: Heroism           |       |     2 |     4 ||     6
  Use: Scroll            |     3 |     7 |     6 ||    16
       Potion            |       |     2 |     5 ||     7
  Eat: Chunk             |     1 |     7 |     7 ||    15
       Fruit             |       |       |     2 ||     2
Armor: Scale mail        |    29 |    69 |     5 ||   103
       Plate armour      |       |       |    83 ||    83
Dodge: Dodged            |    25 |    43 |    58 ||   126
Block: Shield            |    47 |    77 |    64 ||   188
